 Dungeon Crawl Stone Soup version 0.20.0-15-g7f486f2 (webtiles) character file.

36 Sunburn the Ogre Mage (level 3, 0/33 HPs)
             Began as an Ogre Fire Elementalist on June 24, 2017.
             Succumbed to an adder's poison
             ... on level 2 of the Dungeon.
             The game lasted 00:05:13 (1186 turns).

Sunburn the Ogre Mage (Ogre Fire Elementalist)      Turns: 1186, Time: 00:05:14

Health: 0/33       AC:  3    Str: 12    XL:     3   Next: 37%
Magic:  7/7        EV: 10    Int: 17    God:
Gold:   95         SH:  0    Dex:  9    Spells: 5/8 levels left

rFire    . . .     SeeInvis .   j - +2 short sword (venom)
rCold    . . .     Gourm    .   (no shield)
rNeg     . . .     Faith    .   a - +0 robe
rPois    .         Spirit   .   (helmet restricted)
rElec    .         Reflect  .   (no cloak)
rCorr    .         Harm     .   (gloves unavailable)
MR       .....                  (boots unavailable)
Stlth    +.........             (no amulet)
Regen    0.2/turn               (no ring)
MPRegen  0.1/turn               (no ring)

@: lethally poisoned (0 -> -18), flying, hasted, very quick
A: unfitting armour, tough skin 1
a: no special abilities


You were on level 2 of the Dungeon.
You were not hungry.

You visited 1 branch of the dungeon, and saw 2 of its levels.

You collected 95 gold pieces.

Inventory:

Hand Weapons
 f - a +2 short sword of speed
 i - a +0 spear
 j - a +2 short sword of venom (weapon)
Armour
 a - a +0 robe (worn)
Potions
 e - a potion of flight
Books
 b - a book of Flames

   Spells                             Type                      Level
   a - Flame Tongue                   Conjuration/Fire             1
   b - Throw Flame                    Conjuration/Fire             2
   c - Conjure Flame                  Conjuration/Fire             3
   d - Inner Flame                    Hexes/Fire                   3
   e - Sticky Flame                   Conjuration/Fire             4
   f - Fireball                       Conjuration/Fire             5
Comestibles
 c - a bread ration
 d - 2 meat rations


   Skills:
 * Level 1.5 Fighting
 - Level 1.7 Dodging
 - Level 1.4 Stealth
 * Level 3.1 Spellcasting
 * Level 1.3 Conjurations
 + Level 3.1 Fire Magic


You had 5 spell levels left.
You knew the following spells:

 Your Spells              Type           Power        Failure   Level  Hunger
a - Flame Tongue          Conj/Fire      ##...        7%          1    None
b - Throw Flame           Conj/Fire      ##....       11%         2    ##.....


Dungeon Overview and Level Annotations

Branches:
Dungeon (2/15)

Altars:


Innate Abilities, Weirdness & Mutations

You are too large for most types of armour.
You have tough skin. (AC +1)


Message History

It was a potion of haste.
You feel yourself speed up.
* * * LOW HITPOINT WARNING * * *
You feel sick. The adder bites you.
* * * LOW HITPOINT WARNING * * *
You hit the adder.
The adder is poisoned.
The adder is almost dead.
* * * LOW HITPOINT WARNING * * *
You feel sick. The adder bites you.
* * * LOW HITPOINT WARNING * * *
You miss the adder.
The adder is almost dead.
* * * LOW HITPOINT WARNING * * *
You feel sick. The adder barely misses you.
You closely miss the adder.
The adder is almost dead.
* * * LOW HITPOINT WARNING * * *
You feel sick. The adder bites you but does no damage.
You closely miss the adder.
The adder is almost dead.
You die...

#... #. .....
... ....
#...######...
...........###
.....#.......
.........#.#
.......<@..#
#......#S#.#
..(....#.# #
..<.......
#.####.#.#. .
....#.# ......
. .#..#.# ##
#.# ..#


You could see an adder.

Vanquished Creatures
  A gnoll (D:1)
  An adder (D:2)
  A leopard gecko (D:1)
  2 goblins (D:1)
  2 hobgoblins (D:1)
  2 kobolds (D:1)
  3 bats (D:1)
  4 frilled lizards (D:1)
  2 rats (D:1)
18 creatures vanquished.

Notes
Turn   | Place    | Note
-------+----------+-------------------------------------------
     0 | D:1      | Sunburn the Ogre Fire Elementalist began the quest for the Orb.
     0 | D:1      | Reached XP level 1. HP: 16/16 MP: 3/3
    48 | D:1      | Reached skill level 1 in Conjurations
   331 | D:1      | Reached XP level 2. HP: 26/26 MP: 3/5
   356 | D:1      | Learned a level 2 spell: Throw Flame
   591 | D:1      | Reached skill level 1 in Fighting
   699 | D:1      | Reached XP level 3. HP: 31/33 MP: 7/7
  1184 | D:2      | HP: 1/33 [poisoned by an adder]
  1186 | D:2      | Succumbed to an adder's poison

Skill      XL: |  1  2  3 |
---------------+----------+-----
Conjurations   | 1 |  1.3
Fire Magic     | 3 |  3.1
Fighting       | 1 |  1.5
Spellcasting   | 3 |  3.1
Dodging        | |  1.7
Stealth        | |  1.4

Action                   || total
-------------------------++-------
Melee: Unarmed           ||    13
       Short sword       ||    51
 Cast: Flame Tongue      ||     8
       Throw Flame       ||     2
  Use: Potion            ||     2
       Scroll            ||     1
 Stab: Sleeping          ||     1
  Eat: Chunk             ||     1
Armor: Robe              ||    20
Dodge: Dodged            ||    39
